 Dungeon Crawl Stone Soup version 0.24-a0-250-g6074511 (webtiles) character file.

Game seed: 1908327926032828311

42 Borgoz the Cutter (level 3, -4/22 HPs)
             Began as a Kobold Gladiator on Apr 14, 2019.
             Slain by a gnoll
             ... wielding a +0 spear
              (7 damage)
             ... on level 2 of the Dungeon.
             The game lasted 00:02:33 (1095 turns).

Borgoz the Cutter (Kobold Gladiator)                Turns: 1095, Time: 00:02:34

Health: -4/22      AC:  5    Str: 16 (17) XL:     3   Next: 77%
Magic:  3/3        EV: 16    Int:  7 (9)  God:
Gold:   128        SH:  0    Dex: 14 (16) Spells: 2/2 levels left

rFire    . . .     SeeInvis .   a - +0 rapier
rCold    . . .     Gourm    .   (shield restricted)
rNeg     . . .     Faith    .   b - +0 leather armour
rPois    .         Spirit   .   c - +0 helmet
rElec    .         Reflect  .   (no cloak)
rCorr    .         Harm     .   (no gloves)
MR       .....                  k - +0 pair of boots
Stlth    +.........             (no amulet)
HPRegen  0.07/turn              (no ring)
MPRegen  0.08/turn              (no ring)

@: mighty, flying
A: small, carnivore
a: no special abilities


You were on level 2 of the Dungeon.
You were completely stuffed.

You visited 1 branch of the dungeon, and saw 2 of its levels.

You collected 128 gold pieces.

Inventory:

Hand Weapons
 a - a +0 rapier (weapon)
Missiles
 d - 3 throwing nets (quivered)
Armour
 b - a +0 leather armour (worn)
 c - a +0 helmet (worn)
 k - a +0 pair of boots (worn)
Jewellery
 r - a cursed -3 ring of evasion {unknown}
Scrolls
 e - a scroll of fog {unknown}
 g - 2 scrolls of immolation {unknown}
 h - a scroll of magic mapping {unknown}
 j - a scroll of noise {unknown}
 n - a scroll of enchant weapon {unknown}
 o - a scroll of identify {unknown}
 p - a scroll of fear {unknown}
Potions
 i - 2 potions of degeneration
 m - a potion of mutation {unknown}
 s - a potion of curing {unknown}
 u - a potion of haste {unknown}
Comestibles
 f - a ration


   Skills:
 + Level 2.8 Fighting
 + Level 5.0 Short Blades
 + Level 2.2 Throwing
 + Level 0.2 Armour
 + Level 4.0 Dodging
 + Level 0.4 Stealth


You had 2 spell levels left.
You didn't know any spells.
Your spell library was empty.

Dungeon Overview and Level Annotations

Branches:
Dungeon (2/15)

Altars:
Nemelex Xobeh
Ru
Xom


Innate Abilities, Weirdness & Mutations

You are small and have problems with some larger weapons.
You are carnivorous and can eat meat at any time.


Message History

The gnoll shouts!
The gnoll hits you from afar with a +0 spear!
You barely miss the gnoll.
The gnoll hits you from afar with a +0 spear!
The gnoll hits you.
* * * LOW HITPOINT WARNING * * *
You are too injured to fight recklessly!
It was a potion of degeneration.
There was something very wrong with that liquid.
You feel weakened.
You feel dopey.
You feel clumsy.
The gnoll hits you from afar with a +0 spear.
* * * LOW HITPOINT WARNING * * *
The gnoll barely misses you.
It was a potion of flight.
You feel very buoyant.
You fly up into the air.
The gnoll completely misses you.
It was a potion of might.
You feel very mighty all of a sudden.
The gnoll hits you from afar with a +0 spear!
You die...

.....########### ###.........
##'###.........# #<##.#######
#.# #.........# #####'##.# ##.#
#.........# #........##♣ ♣ ...#
#.........# #.......#..♣.♣ ##.#
#.........# #..........PP. #.#
#.........# #..........PP♣♣
######........g###..........P♣♣
.....'........gg@......)..##♣♣
######........g#######.####
#######.........#....#
#.#######.#....####### #.#
#.#.####..>... #.#
#.#.#....#.### #.#
#.#.#.##.#.### #.#
#.#....#.#.... #.#..###.#####


You could see 4 gnolls.

Vanquished Creatures
  An adder (D:2)
  A gnoll (D:1)
  A dart slug (D:1)
  2 leopard geckos (D:1)
  A goblin (D:1)
  4 hobgoblins
  A frilled lizard (D:1)
  4 kobolds (D:1)
  5 rats
20 creatures vanquished.

Notes
Turn   | Place    | Note
-------+----------+-------------------------------------------
     0 | D:1      | Borgoz the Kobold Gladiator began the quest for the Orb.
     0 | D:1      | Reached XP level 1. HP: 12/12 MP: 1/1
    69 | D:1      | Reached XP level 2. HP: 17/18 MP: 2/2
   271 | D:1      | Reached XP level 3. HP: 22/22 MP: 3/3
   513 | D:1      | Found a sparkling altar of Nemelex Xobeh.
   723 | D:2      | Found a sacrificial altar of Ru.
   768 | D:2      | Reached skill level 5 in Short Blades
   845 | D:2      | Found a shimmering altar of Xom.
  1095 | D:2      | Slain by a gnoll

Levels and vault maps discovered:
D:1:      scummos_arrival_checkerplants, layout_loops_ring,
          chequers_serial_rivers_micro_a, kennysheep_crisscross,
          nemelex_diamond_rough_becter
D:2:      layout_basic, nicolae_overflow_crystal_walls, xom_teletrap_fun,
          uniq_crazy_yiuf_cottage

Skill      XL: |  1  2  3 |
---------------+----------+-----
Short Blades   | 5 |  5.0
Dodging        | 4 |  4.0
Fighting       | |  2.8
Throwing       | |  2.2
Armour         | |  0.2
Stealth        | |  0.4

Action                   || total
-------------------------++-------
Melee: Rapier            ||    66
  Use: Potion            ||     3
 Stab: Sleeping          ||     1
  Eat: Chunk             ||     9
Armor: Leather armour    ||     9
Dodge: Dodged            ||    40

Table legend:
 A = Non-vault XP
 B = Vault XP
 C = Vault XP percentage of total XP
 D = Non-vault monster count
 E = Vault monster count
 F = Vault count percentage of total count
                 A         B        C        D         E       F
            +---------+---------+-------+---------+---------+-------
      Total |      60 |       0 |   0.0 |      20 |       0 |   0.0
            +---------+---------+-------+---------+---------+-------
        D:1 |      39 |       0 |   0.0 |      14 |       0 |   0.0
        D:2 |      21 |       0 |   0.0 |       6 |       0 |   0.0
            +---------+---------+-------+---------+---------+-------
